 Dungeon Crawl Stone Soup version 0.25-a0-429-g4e4398398a (webtiles) character file.

Game seed: 8002506446783641822, levelgen mode: deterministic

1932053 hittemvvvvhard the Swordmaster (level 27, 279/279 HPs)
             Began as a Deep Dwarf Wanderer on Jan 25, 2020.
             Was the Champion of Makhleb.
             Escaped with the Orb
             ... and 3 runes!
             The game lasted 03:38:31 (62730 turns).

hittemvvvvhard the Swordmaster (DDWn)              Turns: 62730, Time: 03:38:32

Health: 279/279    AC: 48    Str: 37    XL:     27
Magic:  7/7        EV: 20    Int: 14    God:    Makhleb [******]
Gold:   3311       SH:  0    Dex: 15    Spells: 26/26 levels left

rFire    + + .     SeeInvis +   a - +9 triple sword (vamp)
rCold    + . .     Gourm    .   (shield currently unavailable)
rNeg     + + +     Faith    .   Q - +6 gold dragon scales
rPois    +         Spirit   .   W - +2 helmet {SInv} {sInv}
rElec    .         Reflect  .   X - +2 cloak of the Thief {+Fog Slay-2 SInv Stlth+}
rCorr    .         Harm     .   j - +2 pair of gloves
MR       ++++.                  m - +2 pair of boots of True Grit {rN++ Dex+4}
Stlth    ..........             s - amulet of the acrobat
HPRegen  0.00/turn              N - ring of Cobbunirph {rN+ EV+3 Str+6}
MPRegen  0.10/turn              F - ring of protection from fire

@: non-regenerating
A: damage resistance, heal wounds, claws 1, blurry vision 1, negative energy
resistance 1, sense surroundings 3, strong 1, no regeneration
0: Orb of Zot
}: 3/15 runes: decaying, serpentine, silver
a: Heal Wounds, Minor Destruction, Lesser Servant of Makhleb, Major Destruction,
Greater Servant of Makhleb, Renounce Religion, Evoke Fog


You escaped.
You worshipped Makhleb.
Makhleb was exalted by your worship.
You were not hungry.

You visited 9 branches of the dungeon, and saw 49 of its levels.
You visited the Abyss 1 time.
You also visited: Bailey, Gauntlet and Ice Cave.

You collected 10516 gold pieces.
You spent 7205 gold pieces at shops.

Inventory:

Hand Weapons
 a - a +9 vampiric triple sword (weapon)
Missiles
 y - 8 throwing nets {=f}
 z - 3 javelins (quivered)
Armour
 j - a +2 pair of gloves (worn)
 m - the +2 pair of boots of True Grit (worn) {rN++ Dex+4}
   (You found it on level 4 of the Depths)

   It affects your dexterity (+4).
   It greatly protects you from negative energy.
   If you remove this armour, your AC will fall 4 points (48 -> 44)
 Q - +6 gold dragon scales (worn)
 T - the +2 helmet of Past Mistakes {-Tele Str+5}
   (You found it on level 7 of the Dungeon)

   It affects your strength (+5).
   It prevents most forms of teleportation.
   If you switch to wearing this armour, your AC will rise 0 points (48 -> 48)
 W - a +2 helmet of see invisible (worn) {sInv}
 X - the +2 cloak of the Thief (worn) {+Fog Slay-2 SInv Stlth+}
   (You bought it in a shop on level 2 of the Orcish Mines)

   It affects your accuracy and damage with ranged weapons and melee attacks
   (-2).
   It lets you see invisible.
   It makes you more stealthy.
   If you remove this armour, your AC will fall 4 points (48 -> 44)
Jewellery
 s - an amulet of the acrobat (around neck)
 F - a ring of protection from fire (right hand)
 N - the ring of Cobbunirph (left hand) {rN+ EV+3 Str+6}
   (You took it off a vault warden on level 5 of the Vaults)

   [ring of evasion]

   It affects your evasion (+3).
   It affects your strength (+6).
   It protects you from negative energy.
 S - an uncursed ring of see invisible
 Z - an uncursed ring of flight
Wands
 d - a wand of disintegration (17)
 h - a wand of acid (17)
 p - a wand of iceblast (7)
 C - a wand of scattershot (13)
 K - a wand of paralysis (36)
 Y - a wand of enslavement (33)
Scrolls
 f - 16 scrolls of remove curse
 g - 5 scrolls of fog
 i - 9 scrolls of identify
 t - 30 scrolls of teleportation
 B - a scroll of brand weapon
 G - 3 scrolls of blinking {!r}
 I - 3 scrolls of silence
 J - 5 scrolls of fear
 M - 2 scrolls of holy word {!r}
 U - 4 scrolls of vulnerability {!r!r}
Potions
 k - 3 potions of might
 n - a potion of resistance
 o - 2 potions of haste
 u - 3 potions of cancellation
 v - 8 potions of ambrosia
 w - 9 potions of curing
 D - 8 potions of flight
 E - 6 potions of berserk rage {!q}
 L - 8 potions of invisibility
 O - 3 potions of mutation {!q}
 R - 16 potions of heal wounds
 V - 3 potions of agility
Miscellaneous
 c - 3 phantom mirrors
 l - 7 boxes of beasts
 q - a lightning rod (4/4)
 x - a fan of gales
 A - a lamp of fire
 H - a phial of floods
 P - 3 sacks of spiders
Comestibles
 e - 70 rations


   Skills:
 + Level 22.8 Fighting
   Level 6.3(18.2) Short Blades
 O Level 27 Long Blades
   Level 6.2 Maces & Flails
   Level 4.0 Crossbows
 + Level 25.4 Armour
 - Level 15.0 Dodging
   Level 7.6 Shields
 - Level 8.4 Invocations
 + Level 23.9 Evocations


You had 26 spell levels left.
You didn't know any spells.
Your spell library contained the following spells:

 Spells                   Type           Power        Failure   Level  Hunger
 Animate Skeleton         Necr           N/A          77%         1    ##.....
 Apportation              Tloc           #.....       77%         1    ##.....
 Corona                   Hex            #......      77%         1    ##.....
 Foxfire                  Conj/Fire      #...         77%         1    ##.....
 Magic Dart               Conj           #...         77%         1    ##.....
 Sting                    Tmut/Pois      #...         77%         1    ##.....
 Summon Butterflies       Summ           #.......     77%         1    ##.....
 Summon Small Mammal      Summ           #...         77%         1    ##.....
 Call Imp                 Summ           #.......     88%         2    ###....
 Corpse Rot               Necr/Air       N/A          88%         2    ###....
 Ensorcelled Hibernation  Hex/Ice        #.....       88%         2    ###....
 Passwall                 Tmut/Erth      #.......     88%         2    ###....
 Poisonous Vapours        Pois/Air       #.....       88%         2    ###....
 Searing Ray              Conj           #.....       88%         2    ###....
 Shroud of Golubria       Chrm/Tloc      #.....       88%         2    ###....
 Sublimation of Blood     Necr           #.........   88%         2    ###....
 Swiftness                Chrm/Air       #.......     88%         2    ###....
 Call Canine Familiar     Summ           #.......     98%         3    ####...
 Confusing Touch          Hex            #.......     98%         3    ####...
 Conjure Flame            Conj/Fire      #.......     98%         3    ####...
 Dazzling Flash           Conj/Hex       #.....       98%         3    ####...
 Gell's Gravitas          Tloc           #.........   98%         3    ####...
 Ignite Poison            Fire/Tmut/Pois #.......     98%         3    ####...
 Inner Flame              Hex/Fire       #.......     98%         3    ####...
 Lesser Beckoning         Tloc           #.........   98%         3    ####...
 Mephitic Cloud           Conj/Pois/Air  #.......     98%         3    ####...
 Portal Projectile        Hex/Tloc       #.....       98%         3    ####...
 Static Discharge         Conj/Air       #.......     98%         3    ####...
 Stone Arrow              Conj/Erth      #.....       98%         3    ####...
 Summon Guardian Golem    Hex/Summ       #.......     98%         3    ####...
 Tukima's Dance           Hex            #.......     98%         3    ####...
 Vampiric Draining        Necr           #.........   98%         3    ####...
 Airstrike                Air            #.........   100%        4    #####..
 Animate Dead             Necr           N/A          100%        4    #####..
 Cause Fear               Hex            #.........   100%        4    #####..
 Dispel Undead            Necr           #.......     100%        4    #####..
 Fulminant Prism          Conj/Hex       #.........   100%        4    #####..
 Hailstorm                Conj/Ice       #.......     100%        4    #####..
 Ice Form                 Ice/Tmut       #.......     100%        4    #####..
 Iskenderun's Mystic Bla  Conj/Tloc      #.......     100%        4    #####..
 Olgreb's Toxic Radiance  Pois           #.......     100%        4    #####..
 Petrify                  Tmut/Erth      #.......     100%        4    #####..
 Sticky Flame             Conj/Fire      #.......     100%        4    #####..
 Summon Ice Beast         Ice/Summ       #.......     100%        4    #####..
 Summon Lightning Spire   Summ/Air       #.......     100%        4    #####..
 Alistair's Intoxication  Tmut/Pois      #.......     100%        5    ######.
 Aura of Abjuration       Summ           #.........   100%        5    ######.
 Fireball                 Conj/Fire      #.........   100%        5    ######.
 Irradiate                Conj/Tmut      #.........   100%        5    ######.
 Lee's Rapid Deconstruct  Erth           #.........   100%        5    ######.
 Lightning Bolt           Conj/Air       #.........   100%        5    ######.
 Metabolic Englaciation   Hex/Ice        #.........   100%        5    ######.
 Silence                  Hex/Air        #.........   100%        5    ######.
 Summon Forest            Summ/Tloc      #.........   100%        5    ######.
 Summon Mana Viper        Hex/Summ       #.......     100%        5    ######.
 Yara's Violent Unravell  Hex/Tmut       #.........   100%        5    ######.
 Darkness                 Hex            #.........   100%        6    #######
 Deflect Missiles         Chrm/Air       #.........   100%        6    #######
 Dispersal                Tloc           #.........   100%        6    #######
 Eringya's Noxious Bog    Tmut/Pois      #.........   100%        6    #######
 Freezing Cloud           Conj/Ice/Air   #.........   100%        6    #######
 Hydra Form               Tmut           #.........   100%        6    #######
 Invisibility             Hex            #.......     100%        6    #######
 Ozocubu's Refrigeration  Ice            #.........   100%        6    #######
 Simulacrum               Ice/Necr       #.........   100%        6    #######
 Starburst                Conj/Fire      #.........   100%        6    #######
 Statue Form              Tmut/Erth      #........    100%        6    #######
 Dragon Form              Tmut           #.........   100%        7    #######
 Malign Gateway           Summ/Tloc      #.........   100%        7    #######
 Monstrous Menagerie      Summ           #.........   100%        7    #######
 Ring of Flames           Chrm/Fire      #.........   100%        7    #######
 Spellforged Servitor     Conj/Summ      #.........   100%        7    #######
 Summon Greater Demon     Summ           #.........   100%        7    #######
 Summon Hydra             Summ           #.........   100%        7    #######
 Controlled Blink         Tloc           N/A          100%        8    #######
 Discord                  Hex            #.........   100%        8    #######
 Disjunction              Tloc           #.........   100%        8    #######
 Ignition                 Fire           #.........   100%        8    #######
 Summon Horrible Things   Summ           #.........   100%        8    #######
 Dragon's Call            Summ           #.........   100%        9    #######
 Shatter                  Erth           #.........   100%        9    #######
 Tornado                  Air            #.........   100%        9    #######
 Passage of Golubria      Tloc           Unusable     N/A         4    N/A

Dungeon Overview and Level Annotations

Branches:
Dungeon (15/15)            Temple (0/1) D:4            Lair (6/6) D:8
  Swamp (4/4) Lair:4        Snake (4/4) Lair:3        Slime (0/5) Lair:6
    Orc (2/2) D:9             Elf (0/3) Orc:2        Vaults (5/5) D:13
  Crypt (3/3) Vaults:3       Tomb (0/3) Crypt:3      Depths (5/5) D:15
    Zot (5/5) Depths:5     Bailey (visited)           IceCv (visited)
Gauntlet (visited)

Altars:
Dithmenos
Elyvilon
Gozag
Hepliaklqana
Kikubaaqudgha
Makhleb
Nemelex Xobeh
Okawaru
Sif Muna
Trog
Uskayaw
Vehumet
Xom
Yredelemnul
Zin
The Shining One
Beogh

Shops:
D:4 =   D:6 %   D:7 *   D:8 *   D:10 (*   D:13 %   Orc:1 =   Orc:2 %(*([
Snake:1 }:*(   Snake:4 !   Vaults:2 %   Vaults:3 (   Vaults:4 :   Depths:1 *}

Portals:
Hell: Depths:1 Depths:2 Depths:3 Depths:4 Depths:5
Abyss: Depths:1 Depths:2 Depths:3 Depths:4
Pandemonium: Depths:1 Depths:3
Ziggurat: Depths:1

Annotations:
D:1 exclusion: downstairs
Swamp:3 exclusion: 2 downstairs, Roxanne
Vaults:4 1 runed translucent door, Gourymegh's ghost, adept MiBe
Zot:4 3 runed translucent doors, exclusion: downstairs, Cej Huinwo's ghost, master VSFi
Zot:5 27 runed doors, exclusions: 36 doors and 2 more exclusions


Innate Abilities, Weirdness & Mutations

You are resistant to damage.
You can heal yourself by infusing magical energy.
You resist negative energy. (rN+)
You passively map a large area around you.
You do not regenerate.
You have sharp fingernails.
Scrolls take you a little longer to read.
Your muscles are strong. (Str +2)


Message History

A glowing orange brain comes into view.
The glowing orange brain turns its attention towards you.
You chop the glowing orange brain into pieces!!!!
You kill the glowing orange brain!
No target in view!
No target in view!
(D) Dungeon (T) Temple (L) Lair (S) Swamp (P) Snake Pit (M) Slime Pits (O) Orcish Mines (E) Elven Halls (V) Vaults (C) Crypt (W) Tomb (U) Depths (H) Hell (Z) Zot
Where to? (Enter - D:1 @ (x,y), ? - help)
There is an open door here.
There is an open door here.
You see here a spear.
There is an open door here.
There is an open door here.
There is an open door here.
There is an open door here.
There is a staircase leading out of the dungeon here.
You have escaped!

#.# #...# ######.# #.#
#.### #......# #.# #.#
#.###### #.# #.# #####
#.# #.# #.# #...#### #.#
#.# #.# #...'..# #.# #.#
#.# #...#..#####.# #.#
#.#######'####'##....#
#.#
#....#...).#@'.##.##.#
#.#
#....#.....######'####
#.###.####.....#........#
#.....# #.....'........#
#.##### #.....#........#
#.# #######........# #.#
#........####### ..# ###
#........#.....# ..## #.#
#........#.###.###

Skill      XL: |  1  2  3  4  5  6  7  8  9 10 11 12 13 14 15 16 17 18 19 20 21 22 23 24 25 26 27 |
---------------+----------------------------------------------------------------------------------+-----
Fighting       | 4 5 6 8 9 10 11 12 13 15 16 17 18 22 | 22.8
Crossbows      | 3 4 |  4.0
Shields        | 3 4 5 7 |  7.6
Dodging        | 1 2 6 9 15 | 15.0
Maces & Flails | 6 |  6.2
Short Blades   | 6 |  6.3
Armour         | 7 8 10 14 15 16 17 18 19 25 | 25.4
Evocations     | 3 6 9 12 15 16 18 23 | 23.9
Invocations    | 8 |  8.4
Long Blades    | 7 13 16 18 19 20 21 23 26 27 | 27.0

Notes
Turn   | Place    | Note
-------+----------+-------------------------------------------
     0 | D:1      | hittemvvvvhard the Deep Dwarf Wanderer began the quest for
                  | the Orb.
     0 | D:1      | hittemvvvvhard set off with the following items: a +0 mace,
                  | a +0 shield, a +0 hand crossbow, a +0 robe, a ration, 21
                  | bolts
     0 | D:1      | Reached XP level 1. HP: 21/21 MP: 1/1
   126 | D:1      | Reached XP level 2. HP: 30/30 MP: 2/2
   471 | D:1      | Reached XP level 3. HP: 25/36 MP: 3/3
   686 | D:1      | Reached skill level 4 in Fighting
   840 | D:2      | Noticed Terence
   969 | D:2      | Killed Terence
   969 | D:2      | Reached skill level 3 in Crossbows
   969 | D:2      | Reached skill level 3 in Shields
  1028 | D:2      | Reached XP level 4. HP: 30/44 MP: 4/4
  1034 | D:2      | You fall into a shaft and drop 1 floor!
  1419 | D:2      | Found a hide-covered altar of Uskayaw.
  1544 | D:2      | Found a shimmering altar of Xom.
  1675 | D:2      | Found a glowing silver altar of Zin.
  1677 | D:2      | Found a burning altar of Makhleb.
  1682 | D:2      | Noticed an angel
  1684 | D:2      | Noticed a balrug
  1687 | D:2      | Became a worshipper of Makhleb the Destroyer
  1791 | D:2      | Reached XP level 5. HP: 31/51 MP: 4/4
  2362 | D:3      | Found a runed translucent door.
  2363 | D:3      | Noticed Crazy Yiuf
  2469 | D:3      | Found a shimmering blue altar of Sif Muna.
  2496 | D:3      | Reached skill level 4 in Crossbows
  2496 | D:3      | Reached skill level 4 in Shields
  2645 | D:4      | Noticed Blork the orc
  2942 | D:4      | Reached skill level 5 in Fighting
  3054 | D:4      | Reached * piety under Makhleb
  3123 | D:4      | Found a staircase to the Ecumenical Temple.
  3146 | D:4      | Noticed an ogre
  3167 | D:4      | Killed Blork the orc
  3167 | D:4      | Reached XP level 6. HP: 56/61 MP: 5/5
  3209 | D:4      | Noticed Natasha
  3230 | D:3      | Killed Natasha
  3246 | D:3      | Noticed Natasha
  3257 | D:3      | Killed Natasha
  3346 | D:4      | Reached skill level 6 in Fighting
  3377 | D:4      | Reached XP level 7. HP: 67/69 MP: 6/6
  3409 | D:4      | Reached skill level 1 in Dodging
  3533 | D:4      | Found a radiant altar of Vehumet.
  3661 | D:4      | Found Fauh's Jewellery Shoppe.
  3826 | D:5      | Entered Level 5 of the Dungeon
  3927 | D:5      | Reached skill level 1 in Maces & Flails
  3976 | D:5      | Reached skill level 2 in Maces & Flails
  4090 | D:4      | Bought an uncursed amulet of the acrobat for 300 gold
                  | pieces
  4116 | D:4      | Reached skill level 3 in Maces & Flails
  4149 | D:5      | Found a radiant altar of Vehumet.
  4214 | D:5      | Found a white marble altar of Elyvilon.
  4297 | D:5      | Reached skill level 4 in Maces & Flails
  4384 | D:5      | Found an iron altar of Okawaru.
  4564 | D:5      | Noticed a troll
  4580 | D:5      | Killed a troll
  4580 | D:5      | Reached skill level 6 in Maces & Flails
  4580 | D:5      | Reached XP level 8. HP: 48/76 MP: 6/6
  4752 | D:5      | Found a shadowy altar of Dithmenos.
  4806 | D:5      | Found a glowing golden altar of the Shining One.
  4966 | D:6      | Reached ** piety under Makhleb
  4981 | D:6      | Got a transparent rapier
  4982 | D:6      | Identified the +5 rapier of the Lame Duck {speed, rN+} (You
                  | found it on level 6 of the Dungeon)
  5096 | D:6      | Upgraded the game from 0.25-a0-426-g7d9e569eea to
                  | 0.25-a0-429-g4e4398398a
  5213 | D:6      | Reached skill level 2 in Short Blades
  5406 | D:6      | Found a sparkling altar of Nemelex Xobeh.
  5410 | D:6      | Found Unnufu's Food Emporium.
  5435 | D:6      | Noticed Eustachio
  5448 | D:6      | Killed Eustachio
  5448 | D:6      | Reached skill level 3 in Short Blades
  5539 | D:7      | Noticed Harold
  5577 | D:6      | Killed Harold
  5577 | D:6      | Reached skill level 6 in Short Blades
  5577 | D:6      | Gained mutation: You passively map the area around you.
                  | [Deep Dwarf growth]
  5577 | D:6      | Reached XP level 9. HP: 67/82 MP: 6/6
  5711 | D:7      | Found Warehowk's Assorted Antiques.
  5725 | D:7      | Reached skill level 3 in Armour
  5731 | D:7      | Bought a scroll labeled KISUICI HISCH for 35 gold pieces
  5731 | D:7      | Bought a golden potion for 31 gold pieces
  5924 | D:7      | Reached skill level 4 in Armour
  5931 | D:7      | Got a faintly humming helmet
  5937 | D:7      | Identified the +2 helmet of Past Mistakes {-Tele Str+5}
                  | (You found it on level 7 of the Dungeon)
  6028 | D:7      | Noticed Maggie
  6048 | D:7      | Killed Maggie
  6048 | D:7      | Reached skill level 5 in Armour
  6082 | D:7      | Reached skill level 6 in Armour
  6297 | D:7      | Reached skill level 1 in Evocations
  6303 | D:7      | Noticed a troll
  6341 | D:7      | Reached skill level 2 in Evocations
  6355 | D:7      | Killed a troll
  6355 | D:7      | Reached skill level 5 in Shields
  6498 | D:7      | Reached skill level 3 in Evocations
  6516 | D:7      | Got a fine rapier
  6522 | D:7      | Identified the cursed +1 rapier of the Red Skies {pain,
                  | Str-3 Int+3 Dex+4} (You found it on level 7 of the Dungeon)
  6638 | D:7      | Reached skill level 7 in Armour
  6638 | D:7      | Reached XP level 10. HP: 92/92 MP: 9/9
  6664 | D:7      | Reached skill level 7 in Fighting
  6863 | D:7      | Reached skill level 4 in Evocations
  6878 | D:7      | Found an opulent altar of Gozag.
  6934 | D:7      | Found a bloodstained altar of Trog.
  7033 | D:8      | Noticed a deep elf mage
  7039 | D:8      | Killed a deep elf mage
  7039 | D:8      | Reached *** piety under Makhleb
  7039 | D:8      | Reached skill level 6 in Shields
  7252 | D:8      | Found a staircase to the Lair.
  7297 | D:8      | Reached skill level 5 in Evocations
  7417 | D:8      | Found Zishisae's Lightly-Used Armoury.
  7940 | D:9      | Found a staircase to the Orcish Mines.
  8040 | D:9      | Found a hazy altar of Hepliaklqana.
  8044 | D:9      | Reached skill level 8 in Armour
  8196 | D:9      | Noticed a two-headed ogre
  8212 | D:9      | Killed a two-headed ogre
  8212 | D:9      | Reached skill level 7 in Shields
  8212 | D:9      | Reached skill level 6 in Evocations
  8317 | D:9      | Noticed a two-headed ogre
  8330 | D:9      | Killed a two-headed ogre
  8330 | D:9      | Reached skill level 8 in Fighting
  8367 | D:9      | Reached XP level 11. HP: 93/103 MP: 12/12
  8631 | D:10     | Entered Level 10 of the Dungeon
  8752 | D:10     | Found Jumma's Elemental Accessories.
  8781 | D:10     | Reached skill level 1 in Invocations
  8813 | D:10     | Reached skill level 2 in Invocations
  8833 | D:10     | Reached skill level 3 in Invocations
  8853 | D:10     | Found a flagged portal.
  8859 | D:10     | Found Dothrioho's Weapon Emporium.
  8867 | Bailey   | Entered a bailey
  8872 | Bailey   | Noticed an orc warlord
  8994 | Bailey   | Reached skill level 4 in Invocations
  8996 | Bailey   | Reached **** piety under Makhleb
  9054 | Bailey   | Found a runed translucent gate.
  9054 | Bailey   | Found a runed translucent gate.
  9054 | Bailey   | Found a runed translucent gate.
  9100 | Bailey   | Killed an orc warlord
  9100 | Bailey   | Reached skill level 5 in Invocations
  9112 | Bailey   | Identified Duorak's Last Secrets of Thaumaturgy
  9122 | Bailey   | Identified Itaorug's Foundations of Theurgy
  9387 | D:10     | Reached skill level 6 in Invocations
  9546 | D:10     | Noticed Urug
  9563 | D:10     | Killed Urug
  9563 | D:10     | Reached skill level 7 in Invocations
  9907 | D:11     | Reached skill level 8 in Invocations
  9934 | D:11     | Reached skill level 9 in Armour
 10154 | D:11     | Noticed a purple ugly thing
 10162 | D:11     | Killed a purple ugly thing
 10237 | D:11     | Noticed a white ugly thing
 10238 | D:11     | Noticed a brown ugly thing
 10247 | D:11     | Killed a white ugly thing
 10247 | D:11     | Reached skill level 9 in Fighting
 10257 | D:11     | Killed a brown ugly thing
 10262 | D:11     | Reached skill level 10 in Armour
 10437 | D:11     | Got a steaming rapier
 10614 | D:12     | Found Xirob's Antique Weapon Emporium.
 10614 | D:12     | Noticed a purple ugly thing
 10644 | D:12     | Killed a white ugly thing
 10685 | D:12     | Reached XP level 12. HP: 88/116 MP: 15/15
 10819 | D:12     | Reached skill level 10 in Fighting
 10850 | D:12     | Reached skill level 2 in Dodging
 11206 | D:12     | Reached skill level 11 in Armour
 11283 | D:13     | Found Pecziumm's Food Boutique.
 11338 | D:13     | Reached ***** piety under Makhleb
 11386 | D:13     | Identified the +7 rapier of Zuhiej {venom, rC+} (You found
                  | it on level 11 of the Dungeon)
 11423 | D:13     | Found a gate to the Vaults.
 11423 | D:13     | Noticed a vault guard
 11423 | D:13     | Noticed a vault guard
 11423 | D:13     | Noticed a vault guard
 11423 | D:13     | Noticed a vault guard
 11423 | D:13     | Noticed a vault guard
 11423 | D:13     | Noticed a vault guard
 11424 | D:13     | Noticed a vault guard
 11424 | D:13     | Noticed a vault guard
 11439 | D:13     | Killed a vault guard
 11455 | D:13     | Killed a vault guard
 11455 | D:13     | Reached skill level 12 in Armour
 11465 | D:13     | Killed a vault guard
 11494 | D:13     | Killed a vault guard
 11506 | D:13     | Killed a vault guard
 11530 | D:13     | Killed a vault guard
 11530 | D:13     | Reached skill level 13 in Armour
 11544 | D:13     | Killed a vault guard
 11559 | D:13     | Killed a vault guard
 11674 | D:13     | Noticed Erolcha
 11687 | D:13     | Killed Erolcha
 11748 | D:13     | Noticed a two-headed ogre
 11756 | D:13     | Killed a two-headed ogre
 11756 | D:13     | Reached skill level 14 in Armour
 12051 | D:13     | Noticed Snorg
 12065 | D:13     | Killed Snorg
 12065 | D:13     | Reached XP level 13. HP: 110/123 MP: 15/15
 12783 | D:14     | Reached skill level 15 in Armour
 12967 | Lair:1   | Entered Level 1 of the Lair of Beasts
 13083 | Lair:1   | Noticed Grum
 13108 | Lair:1   | Killed Grum
 13322 | Lair:1   | Reached skill level 11 in Fighting
 13520 | Lair:1   | Noticed Prince Ribbit
 13543 | Lair:1   | Killed Prince Ribbit
 13779 | D:10     | Bought a +3 vampiric triple sword for 705 gold pieces
 14179 | Lair:2   | Reached skill level 1 in Long Blades
 14190 | Lair:2   | Found a frozen archway.
 14195 | Lair:2   | Got a translucent chain mail
 14217 | Lair:2   | Identified the cursed +0 chain mail "Veyxi" {Int+2} (You
                  | found it on level 2 of the Lair of Beasts)
 14230 | IceCv    | Entered an ice cave
 14254 | IceCv    | Reached skill level 2 in Long Blades
 14382 | Lair:2   | Reached skill level 3 in Long Blades
 14614 | Lair:2   | Got a heavily runed leather armour
 14901 | Lair:2   | Reached skill level 4 in Long Blades
 15372 | Lair:3   | Found a gate leading to a gauntlet.
 15390 | Lair:3   | Identified the +1 leather armour of Gluttony {+Blink MR+
                  | Str+2} (You found it on level 2 of the Lair of Beasts)
 15401 | Gauntlet | Entered a Gauntlet
 15401 | Gauntlet | Found a transporter.
 15401 | Gauntlet | Found a transporter.
 15417 | Gauntlet | Found a transporter.
 15421 | Gauntlet | Found a transporter.
 15433 | Gauntlet | Noticed an entropy weaver
 15436 | Gauntlet | Found a transporter.
 15454 | Gauntlet | Found a transporter.
 15460 | Gauntlet | Found a transporter.
 15468 | Gauntlet | Found a transporter.
 15472 | Gauntlet | Found a transporter.
 15474 | Gauntlet | Found a transporter.
 15518 | Gauntlet | Found a transporter.
 15544 | Gauntlet | Found a transporter.
 15600 | Lair:3   | Reached skill level 5 in Long Blades
 15623 | Lair:3   | Found a staircase to the Snake Pit.
 15799 | Lair:3   | Reached skill level 6 in Long Blades
 16301 | Lair:4   | Found a transporter.
 16305 | Lair:4   | Noticed Cuxunirch's ghost (journeyman MiFi)
 16327 | Lair:4   | Reached skill level 7 in Long Blades
 16356 | Lair:4   | Gained mutation: You resist negative energy. (rN+) [Deep
                  | Dwarf growth]
 16356 | Lair:4   | Reached XP level 14. HP: 135/135 MP: 14/14
 16403 | Lair:4   | Reached skill level 8 in Long Blades
 16533 | Lair:4   | Reached skill level 9 in Long Blades
 16602 | Lair:4   | Reached ****** piety under Makhleb
 16737 | Lair:4   | Found a transporter.
 16981 | Lair:4   | Reached skill level 10 in Long Blades
 17228 | Lair:4   | Reached skill level 11 in Long Blades
 17361 | Lair:4   | Found a staircase to the Swamp.
 17743 | Lair:4   | Reached skill level 12 in Long Blades
 18139 | Lair:5   | Reached skill level 13 in Long Blades
 18545 | Lair:6   | Entered Level 6 of the Lair of Beasts
 18562 | Lair:6   | Reached XP level 15. HP: 142/142 MP: 15/15
 18799 | Lair:6   | Reached skill level 14 in Long Blades
 19317 | Lair:6   | Reached skill level 12 in Fighting
 19574 | Lair:6   | Found a staircase to the Slime Pits.
 19650 | Lair:6   | Reached skill level 15 in Long Blades
 19941 | Lair:6   | Got a transparent chain mail
 20264 | Orc:1    | Entered Level 1 of the Orcish Mines
 20337 | Orc:2    | Entered Level 2 of the Orcish Mines
 20485 | Orc:1    | Found Kunkioh's Jewellery Emporium.
 20836 | Orc:1    | Reached skill level 16 in Long Blades
 20998 | Orc:2    | Found Gizom's Antique Armour Shoppe.
 20998 | Orc:2    | Found Ithruvuf's Weapon Emporium.
 20998 | Orc:2    | Found Fuer's Weapon Shoppe.
 21001 | Orc:2    | Found Ziaf's General Store.
 21012 | Orc:2    | Bought a shiny helmet for 195 gold pieces
 21012 | Orc:2    | Bought the +2 cloak of the Thief {+Fog Slay-2 SInv Stlth+}
                  | for 522 gold pieces
 21012 | Orc:2    | Found the +2 cloak of the Thief {+Fog Slay-2 SInv Stlth+}
 21032 | Orc:2    | Identified the +2 chain mail "Etakeeri" {Int+3 Dex+4} (You
                  | found it on level 6 of the Lair of Beasts)
 21135 | Orc:2    | Found Gigamn's Food Emporium.
 21168 | Orc:2    | Found a bloodstained altar of Trog.
 21184 | Orc:2    | Found a staircase to the Elven Halls.
 21456 | Orc:2    | Found a runed translucent door.
 21464 | Orc:2    | Found the +10 large shield of Ignorance {rN+ Int-4}
 21564 | Orc:2    | Found a runed translucent door.
 21775 | Orc:2    | Bought a +2 plate armour of poison resistance for 629 gold
                  | pieces
 22133 | D:14     | Reached XP level 16. HP: 152/152 MP: 16/16
 22602 | D:15     | Entered Level 15 of the Dungeon
 22612 | D:15     | Reached skill level 17 in Long Blades
 22867 | D:15     | Found a staircase to the Depths.
 23592 | Swamp:1  | Entered Level 1 of the Swamp
 23682 | Swamp:1  | Got a shimmering scale mail
 23803 | Swamp:1  | HP: 34/152 [bog body/bolt of cold (28)]
 23987 | Swamp:1  | Identified the cursed +0 scale mail of Mucriuv {rCorr} (You
                  | found it on level 1 of the Swamp)
 24438 | Swamp:2  | HP: 36/152 [tyrant leech (3)]
 24552 | Swamp:2  | Got a coiled granite ring
 24554 | Swamp:2  | Identified the ring of the Sparrow {rF+ MR- Dex+3 SInv}
                  | (You found it on level 2 of the Swamp)
 24599 | Swamp:2  | Noticed Jorgrun
 24608 | Swamp:2  | Killed Jorgrun
 25161 | Swamp:3  | Reached skill level 18 in Long Blades
 25518 | Swamp:3  | Noticed Roxanne
 25952 | Swamp:4  | Entered Level 4 of the Swamp
 25982 | Swamp:4  | Noticed a thorn hunter
 26000 | Swamp:4  | Killed a thorn hunter
 26114 | Swamp:4  | Reached XP level 17. HP: 161/162 MP: 8/8
 26169 | Swamp:4  | Reached skill level 16 in Armour
 26452 | Swamp:4  | Reached skill level 13 in Fighting
 26945 | Swamp:4  | Got a decaying rune of Zot
 27080 | Snake:1  | Entered Level 1 of the Snake Pit
 27339 | Snake:1  | Noticed Aizul
 27354 | Snake:1  | Killed Aizul
 27359 | Snake:1  | Reached skill level 7 in Evocations
 27696 | Snake:1  | Found Delacoji's Assorted Antiques.
 27697 | Snake:1  | Found Paloetui's Weapon Boutique.
 27697 | Snake:1  | Found Yneapt's Gadget Shop.
 27700 | Snake:1  | Found Qaema's Book Shop.
 27702 | Snake:1  | Bought a gold wand for 156 gold pieces
 27734 | Snake:1  | Noticed Rupert
 27748 | Snake:1  | Killed Rupert
 28141 | Snake:2  | Reached skill level 8 in Evocations
 28906 | Snake:3  | Reached skill level 9 in Evocations
 29215 | Snake:3  | Noticed Bai Suzhen
 29253 | Snake:3  | Killed Bai Suzhen
 29253 | Snake:3  | Reached skill level 19 in Long Blades
 29291 | Snake:3  | Gained mutation: You passively map a large area around you.
                  | [Deep Dwarf growth]
 29291 | Snake:3  | Reached XP level 18. HP: 174/174 MP: 10/10
 29331 | Snake:3  | Reached skill level 10 in Evocations
 29335 | Snake:3  | Reached skill level 14 in Fighting
 29591 | Snake:3  | Got a polished scale mail
 29602 | Snake:3  | Identified the +6 scale mail "Idaukkea" {rCorr Int+4 Dex-5
                  | Stlth+} (You found it on level 3 of the Snake Pit)
 30160 | Snake:4  | Entered Level 4 of the Snake Pit
 30284 | Snake:4  | Found Quudghupo's Distillery.
 30301 | Snake:4  | Reached skill level 17 in Armour
 30323 | Snake:4  | Reached skill level 11 in Evocations
 30380 | Snake:4  | Bought a potion of ambrosia for 160 gold pieces
 30380 | Snake:4  | Bought a potion of heal wounds for 100 gold pieces
 30380 | Snake:4  | Bought a potion of heal wounds for 100 gold pieces
 30380 | Snake:4  | Bought a potion of might for 80 gold pieces
 30864 | Snake:4  | Reached skill level 12 in Evocations
 31148 | Snake:4  | Got a serpentine rune of Zot
 31389 | Snake:4  | Reached skill level 15 in Fighting
 31415 | Snake:4  | Reached XP level 19. HP: 186/186 MP: 10/10
 31920 | Vaults:1 | Entered Level 1 of the Vaults
 31960 | Vaults:1 | Reached skill level 13 in Evocations
 32397 | Vaults:1 | Reached skill level 14 in Evocations
 32663 | Vaults:1 | Identified a scroll of acquirement
 32664 | Vaults:1 | Identified the +6 demon blade of Light {vorpal, Str+3
                  | Int+3} (You acquired it on level 1 of the Vaults)
 32750 | Vaults:1 | Noticed Nikola
 32763 | Vaults:1 | Killed Nikola
 32764 | Vaults:1 | Reached skill level 15 in Evocations
 32764 | Vaults:1 | Reached XP level 20. HP: 147/196 MP: 11/13
 32765 | Vaults:1 | Reached skill level 16 in Fighting
 32765 | Vaults:1 | Reached skill level 20 in Long Blades
 32765 | Vaults:1 | Reached skill level 18 in Armour
 32765 | Vaults:1 | Reached XP level 21. HP: 154/205 MP: 11/14
 32766 | Vaults:1 | Reached XP level 22. HP: 160/213 MP: 11/15
 32767 | Vaults:1 | Reached skill level 21 in Long Blades
 32767 | Vaults:1 | Reached XP level 23. HP: 165/220 MP: 11/16
 33066 | Vaults:1 | Reached skill level 22 in Long Blades
 33515 | Vaults:2 | Noticed a deep elf sorcerer
 33526 | Vaults:2 | Killed a deep elf sorcerer
 33909 | Vaults:2 | Found Vovifoh's Food Shoppe.
 33998 | Vaults:2 | Reached skill level 23 in Long Blades
 34409 | Vaults:2 | Reached XP level 24. HP: 229/229 MP: 14/14
 35319 | Vaults:3 | Noticed an entropy weaver
 35336 | Vaults:3 | Killed an entropy weaver
 35341 | Vaults:3 | Reached skill level 24 in Long Blades
 35635 | Vaults:3 | Found a staircase to the Crypt.
 35635 | Vaults:3 | Found a basalt altar of Yredelemnul.
 35636 | Vaults:3 | Found an ancient bone altar of Kikubaaqudgha.
 35933 | Vaults:3 | Found Juimap's Antique Weapon Shop.
 36068 | Vaults:3 | Noticed a lich
 36079 | Vaults:3 | Killed a lich
 36119 | Vaults:3 | Noticed a lich
 36132 | Vaults:3 | Killed a lich
 36623 | Vaults:4 | Reached skill level 25 in Long Blades
 36792 | Vaults:4 | Found a roughly hewn altar of Beogh.
 36923 | Vaults:4 | Found a runed translucent door.
 36929 | Vaults:4 | Noticed Gourymegh's ghost (adept MiBe)
 36969 | Vaults:4 | Noticed Xtahua
 36983 | Vaults:4 | Killed Xtahua
 37389 | Vaults:4 | Noticed Mara
 37396 | Vaults:4 | Noticed hittemvvvvhard's illusion
 37541 | Vaults:4 | Noticed hittemvvvvhard's illusion
 37554 | Vaults:3 | Killed Mara
 37795 | Vaults:4 | Found Udyrphat's Book Shop.
 38015 | Crypt:1  | Entered Level 1 of the Crypt
 38024 | Crypt:1  | Noticed a curse skull
 38176 | Vaults:3 | Killed a curse skull
 38282 | Crypt:1  | Reached skill level 26 in Long Blades
 38302 | Crypt:1  | Reached XP level 25. HP: 236/236 MP: 12/12
 39601 | Crypt:2  | Found an ancient bone altar of Kikubaaqudgha.
 39860 | Crypt:3  | Entered Level 3 of the Crypt
 39937 | Crypt:3  | Reached skill level 27 in Long Blades
 39965 | Crypt:3  | Noticed a curse skull
 39978 | Crypt:3  | Killed a curse skull
 40013 | Crypt:3  | Noticed a curse skull
 40016 | Crypt:3  | Killed a curse skull
 40096 | Crypt:3  | Reached skill level 3 in Dodging
 40223 | Crypt:3  | Found a staircase to the Tomb.
 40492 | Crypt:2  | Reached skill level 4 in Dodging
 40704 | Crypt:3  | Reached skill level 5 in Dodging
 40752 | Crypt:3  | Found a basalt altar of Yredelemnul.
 40855 | Crypt:3  | Got a crude war axe
 40856 | Crypt:3  | Identified the +10 war axe "Koisseum" {freeze, rElec} (You
                  | found it on level 3 of the Crypt)
 40858 | Crypt:3  | Got a crude brass ring
 40861 | Crypt:3  | Identified the ring "Nuvank" {+Inv rC- MR+ Stlth+} (You
                  | found it on level 3 of the Crypt)
 40889 | Crypt:3  | Got a shimmering halberd
 40890 | Crypt:3  | Identified the +5 halberd of Instinct {freeze, Str+6} (You
                  | found it on level 3 of the Crypt)
 41023 | Crypt:3  | Reached skill level 16 in Evocations
 41190 | Crypt:3  | Reached skill level 17 in Fighting
 41250 | Crypt:3  | Reached skill level 6 in Dodging
 42178 | Lair:4   | Killed Cuxunirch's ghost
 42208 | Lair:4   | Reached XP level 26. HP: 248/248 MP: 13/13
 42964 | Depths:1 | Entered Level 1 of the Depths
 43012 | Depths:1 | Found a gateway to a ziggurat.
 43047 | Depths:1 | Found the +7 Spriggan's Knife {stab, EV+4 Stlth+}
 43048 | Depths:1 | Found Xoko's Gadget Boutique.
 43056 | Depths:1 | Found Woffuh's General Store.
 43059 | Depths:1 | Bought a box of beasts for 260 gold pieces
 43059 | Depths:1 | Bought a wand of paralysis (8) for 130 gold pieces
 43059 | Depths:1 | Bought a box of beasts for 260 gold pieces
 43059 | Depths:1 | Bought a phantom mirror for 390 gold pieces
 43063 | Depths:1 | Bought a scroll of blinking for 165 gold pieces
 43063 | Depths:1 | Bought 2 potions of ambrosia for 352 gold pieces
 43274 | Depths:1 | Found a one-way gate to the infinite horrors of the Abyss.
 43280 | Depths:1 | Found a one-way gate leading to the halls of Pandemonium.
 43484 | Depths:1 | Reached skill level 7 in Dodging
 43532 | Depths:1 | Found a gateway to Hell.
 44373 | Depths:2 | Reached skill level 19 in Armour
 44704 | D:8      | Bought -2 gold dragon scales for 1050 gold pieces
 45519 | Depths:2 | Reached skill level 17 in Evocations
 45602 | Depths:2 | Noticed Saint Roka
 45622 | Depths:2 | Killed Saint Roka
 45622 | Depths:2 | Reached skill level 8 in Dodging
 45759 | Depths:2 | Reached skill level 18 in Fighting
 46034 | Depths:2 | You fall into a shaft and drop 1 floor!
 46438 | Depths:3 | Reached skill level 9 in Dodging
 46619 | Depths:3 | Got a steaming wooden ring
 46621 | Depths:3 | Identified the ring "Veysenk" {MP+9 Dex+3} (You found it on
                  | level 3 of the Depths)
 46653 | Depths:3 | Noticed a caustic shrike
 46654 | Depths:3 | Noticed a deep elf demonologist
 46658 | Depths:3 | Noticed an Ice Fiend
 46662 | Depths:3 | Noticed an Ice Fiend
 46671 | Depths:3 | Killed a caustic shrike
 46724 | Depths:3 | Killed a deep elf demonologist
 46850 | Depths:3 | Noticed a lich
 46905 | Depths:3 | Noticed a lich
 46912 | Depths:3 | Killed a lich
 46996 | Depths:3 | Identified the Collected Works on the Twisted Glacier
 47482 | Depths:4 | Reached skill level 18 in Evocations
 47493 | Depths:4 | Reached XP level 27. HP: 264/264 MP: 14/14
 47514 | Depths:4 | Reached skill level 10 in Dodging
 47620 | Depths:4 | Noticed a lich
 47623 | Depths:4 | Noticed an entropy weaver
 47634 | Depths:4 | Killed an entropy weaver
 47635 | Depths:4 | Noticed a Brimstone Fiend
 47638 | Depths:4 | Killed a lich
 47649 | Depths:4 | Reached skill level 19 in Fighting
 47705 | Depths:4 | Got a pair of brightly glowing boots
 47726 | Depths:4 | Noticed an entropy weaver
 47921 | Depths:4 | Reached skill level 20 in Armour
 47950 | Depths:4 | Killed an entropy weaver
 47958 | Depths:4 | Identified the +5 dagger of the Sage {chaos, Fragile rN+
                  | Int+5}
 47973 | Depths:4 | Got an ancient spear
 48014 | Depths:4 | Identified the +6 spear of Igyub {flame, rF- rN+ MP+9
                  | Dex+2} (You found it on level 4 of the Depths)
 48036 | Depths:4 | Identified the +2 pair of boots of True Grit {rN++ Dex+4}
                  | (You found it on level 4 of the Depths)
 48092 | Depths:4 | Noticed an entropy weaver
 48097 | Depths:4 | Killed an entropy weaver
 48308 | Depths:4 | Noticed a deep elf sorcerer
 48320 | Depths:4 | Killed a deep elf sorcerer
 48351 | Depths:4 | Noticed an entropy weaver
 48369 | Depths:4 | Killed an entropy weaver
 48387 | Depths:4 | Identified the +7 dire flail "Gego" {vorpal, Str+4}
 48591 | Depths:4 | Noticed a deep elf sorcerer
 48595 | Depths:4 | Noticed a deep elf demonologist
 48628 | Depths:4 | Noticed a Brimstone Fiend
 48637 | Depths:3 | Killed a deep elf sorcerer
 48788 | Depths:3 | Cast into level 2 of the Abyss (ettin)
 48885 | Abyss:2  | Reached skill level 20 in Fighting
 49048 | Abyss:2  | Gained mutation: You are dopey. (Int -2) [a neqoxec]
 49135 | Depths:3 | Escaped the Abyss
 49207 | Depths:4 | Killed a deep elf demonologist
 49398 | Depths:4 | Reached skill level 21 in Armour
 49621 | Depths:5 | Entered Level 5 of the Depths
 49688 | Depths:5 | Noticed the Enchantress
 49758 | Depths:5 | Found an opulent altar of Gozag.
 49871 | Depths:4 | Killed the Enchantress
 50009 | Depths:5 | Found a runed translucent door.
 50038 | Depths:5 | Noticed Jory
 50061 | Depths:5 | Killed Jory
 50105 | Depths:5 | Reached skill level 22 in Armour
 50243 | Depths:5 | Found a gate to the Realm of Zot.
 50540 | Depths:5 | Found the +8 Wrath of Trog {antimagic, *Rage}
 50687 | Depths:5 | Noticed Aladinah's ghost (adept GnTm)
 50721 | Depths:5 | Killed Aladinah's ghost
 51112 | Snake:1  | Bought a box of beasts for 300 gold pieces
 51112 | Snake:1  | Bought a wand of paralysis (7) for 135 gold pieces
 51112 | Snake:1  | Bought a sack of spiders for 300 gold pieces
 51112 | Snake:1  | Bought a phantom mirror for 450 gold pieces
 51436 | Vaults:5 | Entered Level 5 of the Vaults
 51664 | Vaults:5 | Reached skill level 11 in Dodging
 51734 | Vaults:5 | Noticed a caustic shrike
 51734 | Vaults:5 | a golden dragon changed into a caustic shrike
 51737 | Vaults:5 | a caustic shrike changed into an iron giant
 51780 | Vaults:5 | Noticed Boris
 51821 | Vaults:5 | Killed Boris
 51840 | Vaults:5 | Reached skill level 19 in Evocations
 52235 | Vaults:5 | Noticed a lich
 52246 | Vaults:5 | Killed a lich
 52246 | Vaults:5 | Reached skill level 12 in Dodging
 52258 | Vaults:5 | Noticed a deep elf demonologist
 52271 | Vaults:5 | Killed a deep elf demonologist
 52452 | Vaults:5 | Identified Sif Muna's Guide on the Quantum Entourage
 52465 | Vaults:5 | Identified the +2 shortbow "Keoto" {venom, +Blink rF++
                  | Str+5}
 52496 | Vaults:5 | Identified Neimipt's Disquisition on Calling and Flames
 52992 | Vaults:5 | Got a silver rune of Zot
 53208 | Vaults:5 | Reached skill level 23 in Armour
 53353 | Vaults:5 | Identified the +8 halberd "Cavaupp" {vorpal, Int+4 Stlth+}
 53353 | Vaults:5 | Identified the ring of Cobbunirph {rN+ EV+3 Str+6}
 53426 | Vaults:5 | Reached skill level 20 in Evocations
 53913 | D:4      | Bought an uncursed ring of protection from fire for 250
                  | gold pieces
 53919 | D:4      | Bought an uncursed ring of see invisible for 150 gold
                  | pieces
 54066 | D:3      | Noticed Natasha
 54071 | D:3      | Killed Natasha
 54464 | Zot:1    | Entered Level 1 of the Realm of Zot
 54486 | Zot:1    | Reached skill level 13 in Dodging
 54563 | Zot:2    | Noticed a curse toe
 54582 | Zot:2    | Killed a curse toe
 54861 | Zot:2    | Reached skill level 21 in Fighting
 55184 | Zot:2    | Identified the +3 leather armour of Pessimism {rF+ Regen+
                  | Str-5} (You found it on level 2 of the Realm of Zot)
 55478 | Zot:2    | Noticed an orb of fire
 55483 | Zot:2    | Gained mutation: You are occasionally teleported next to
                  | monsters. [an orb of fire]
 55485 | Zot:2    | Gained mutation: You tend to lose your temper in combat.
                  | [an orb of fire]
 55503 | Zot:2    | Killed an orb of fire
 55504 | Zot:2    | Lost mutation: You are dopey. (Int -2) [potion of mutation]
 55504 | Zot:2    | Lost mutation: You tend to lose your temper in combat.
                  | [potion of mutation]
 55504 | Zot:2    | Gained mutation: You are clumsy. (Dex -2) [potion of
                  | mutation]
 55504 | Zot:2    | Gained mutation: Your movements are slightly less
                  | encumbered by armour. (ER -2) [potion of mutation]
 55505 | Zot:2    | Lost mutation: You are clumsy. (Dex -2) [potion of
                  | mutation]
 55505 | Zot:2    | Lost mutation: Your movements are slightly less encumbered
                  | by armour. (ER -2) [potion of mutation]
 55505 | Zot:2    | Lost mutation: You are occasionally teleported next to
                  | monsters. [potion of mutation]
 55505 | Zot:2    | Gained mutation: Your spells are a little easier to cast,
                  | but a little less powerful. [potion of mutation]
 55505 | Zot:2    | Gained mutation: Your muscles are strong. (Str +2) [potion
                  | of mutation]
 55975 | Zot:1    | Reached skill level 14 in Dodging
 56361 | Zot:1    | Reached skill level 21 in Evocations
 58064 | Zot:3    | Noticed a curse toe
 58403 | Zot:4    | Found a runed translucent gate.
 58403 | Zot:4    | Found a runed translucent gate.
 58403 | Zot:4    | Found a runed translucent gate.
 58403 | Zot:4    | Noticed Cej Huinwo's ghost (master VSFi)
 58403 | Zot:4    | Noticed a curse toe
 58526 | Zot:4    | Noticed a curse toe
 58546 | Zot:4    | Killed a curse toe
 58546 | Zot:4    | Reached skill level 15 in Dodging
 58681 | Zot:4    | Reached skill level 24 in Armour
 58890 | Zot:5    | Entered Level 5 of the Realm of Zot
 59108 | Zot:5    | Found a huge runed gate.
 59108 | Zot:5    | Found a huge runed gate.
 59108 | Zot:5    | Found a huge runed gate.
 59116 | Zot:5    | Found a huge runed gate.
 59116 | Zot:5    | Found a huge runed gate.
 59116 | Zot:5    | Found a huge runed gate.
 59116 | Zot:5    | Found a huge runed gate.
 59116 | Zot:5    | Found a huge runed gate.
 59116 | Zot:5    | Found a huge runed gate.
 59117 | Zot:5    | Found a huge runed gate.
 59156 | Zot:5    | Found a huge runed gate.
 59156 | Zot:5    | Found a huge runed gate.
 59160 | Zot:5    | Found a huge runed gate.
 59160 | Zot:5    | Found a huge runed gate.
 59160 | Zot:5    | Found a huge runed gate.
 59160 | Zot:5    | Found a huge runed gate.
 59160 | Zot:5    | Found a huge runed gate.
 59161 | Zot:5    | Found a huge runed gate.
 59162 | Zot:5    | Found a huge runed gate.
 59163 | Zot:5    | Found a huge runed gate.
 59164 | Zot:5    | Found a huge runed gate.
 59165 | Zot:5    | Found a huge runed gate.
 59173 | Zot:5    | Found a huge runed gate.
 59173 | Zot:5    | Found a huge runed gate.
 59173 | Zot:5    | Found a huge runed gate.
 59173 | Zot:5    | Found a huge runed gate.
 59173 | Zot:5    | Found a huge runed gate.
 59262 | Zot:5    | Noticed an orb of fire
 59507 | Zot:5    | Gained mutation: You have sharp fingernails. [an orb of
                  | fire]
 59526 | Zot:5    | Killed an orb of fire
 59663 | Zot:5    | Reached skill level 22 in Evocations
 59876 | Zot:5    | Noticed an ancient lich
 59885 | Zot:5    | Killed an ancient lich
 59940 | Zot:5    | Reached skill level 22 in Fighting
 60832 | Zot:5    | Noticed an ancient lich
 60833 | Zot:5    | Noticed an orb of fire
 60844 | Zot:5    | Lost mutation: Your spells are a little easier to cast, but
                  | a little less powerful. [an orb of fire]
 60850 | Zot:5    | Killed an orb of fire
 60855 | Zot:5    | Killed an ancient lich
 61092 | Zot:5    | Reached skill level 23 in Evocations
 61331 | Zot:5    | Reached skill level 25 in Armour
 61819 | Zot:5    | Got the Orb of Zot
 62520 | D:3      | Noticed Toetretu the pandemonium lord
 62527 | D:3      | Gained mutation: Scrolls take you a little longer to read.
                  | [a neqoxec]
 62545 | D:3      | Killed Toetretu the pandemonium lord
 62621 | D:3      | Killed Crazy Yiuf
 62730 | D:$      | Escaped with the Orb!

Table legend:
 A = Turns spent in this place as a percentage of turns spent in the entire game.
 B = Non-inter-level travel turns spent in this place as a percentage of non-inter-level travel turns spent in the entire game.
 C = Inter-level travel turns spent in this place as a percentage of turns spent in this place.
 D = Turns resting spent in this place as a percentage of non-inter-level travel turns spent in this place.
 E = Turns spent auto-exploring this place as a percentage of non-inter-level travel turns spent in this place.
 F = Non-inter-level travel turns spent in this place divided by the number of levels of this place that you've seen.
                   A       B       C       D       E      F
               +-------+-------+-------+-------+-------+----------------------
         Total | 100.0 | 100.0 |  12.6 |   5.1 |  59.5 | 1034.2
       Dungeon |  27.2 |  24.3 |  22.0 |   2.0 |  68.3 | 886.5
          Lair |  11.9 |  12.0 |  11.8 |   1.2 |  65.3 | 1098.0
         Swamp |   5.5 |   5.9 |   5.6 |   3.6 |  60.5 | 809.2
     Snake Pit |   7.5 |   8.3 |   3.7 |   0.9 |  62.5 | 1132.5
  Orcish Mines |   3.0 |   3.1 |   9.9 |   0.0 |  63.6 | 837.0
        Vaults |  14.5 |  15.0 |   9.2 |   4.2 |  55.2 | 1648.2
         Crypt |   5.4 |   6.0 |   3.5 |   2.4 |  52.6 | 1094.0
        Depths |  12.4 |  12.1 |  14.4 |   9.4 |  53.9 | 1331.4
           Zot |  11.1 |  11.5 |   9.6 |  19.6 |  47.3 | 1259.2
         Abyss |   0.6 |   0.6 |   0.0 |   0.0 |  61.4 | 347.0
        Bailey |   0.6 |   0.7 |   0.0 |   0.8 |  42.7 | 393.0
      Ice Cave |   0.1 |   0.2 |   0.0 |   0.0 |  27.1 |  85.0
      Gauntlet |   0.3 |   0.3 |   0.0 |   0.0 |  86.6 | 187.0
               +-------+-------+-------+-------+-------+----------------------

Table legend:
 A = Kills in this place as a percentage of kills in entire the game.
 B = Kills by you in this place as a percentage of kills by you in the entire game.
 C = Kills by friends in this place as a percentage of kills by friends in the entire game.
 D = Other kills in this place as a percentage of other kills in the entire game.
 E = Experience gained in this place as a percentage of experience gained in the entire game.
 F = Experience gained in this place divided by the number of levels of this place that you have seen.
                   A       B       C       D       E      F
               +-------+-------+-------+-------+-------+----------------------
         Total | 100.0 | 100.0 | 100.0 | 100.0 | 100.0 | 33677.2
       Dungeon |  16.3 |  15.0 |  42.4 |   0.0 |   5.0 | 5920.6
          Lair |  12.7 |  13.0 |   7.9 |   0.0 |   5.3 | 15708.5
         Swamp |   5.6 |   5.4 |   8.6 |  22.2 |   3.3 | 14911.0
     Snake Pit |   9.1 |   9.2 |   7.9 |   0.0 |   8.2 | 36523.2
  Orcish Mines |   4.5 |   4.3 |   7.2 |  11.1 |   0.9 | 8228.5
        Vaults |  19.9 |  20.4 |  10.8 |   0.0 |  25.0 | 89402.8
         Crypt |   8.8 |   9.2 |   0.0 |   0.0 |   9.8 | 58554.7
        Depths |  13.7 |  14.0 |   6.5 |  55.6 |  19.3 | 68894.4
           Zot |   7.4 |   7.6 |   2.9 |  11.1 |  22.3 | 79692.6
         Abyss |   0.8 |   0.9 |   0.0 |   0.0 |   0.7 | 11708.0
        Bailey |   1.0 |   0.8 |   3.6 |   0.0 |   0.1 | 1315.0
      Ice Cave |   0.3 |   0.2 |   2.2 |   0.0 |   0.1 | 1004.0
               +-------+-------+-------+-------+-------+----------------------

Action                   |  1- 3 |  4- 6 |  7- 9 | 10-12 | 13-15 | 16-18 | 19-21 | 22-24 | 25-27 || total
-------------------------+-------+-------+-------+-------+-------+-------+-------+-------+-------++-------
Melee: Mace              |    40 |       |       |       |       |       |       |       |       ||    40
       Hand axe          |     7 |    19 |       |       |       |       |       |       |       ||    26
       Short sword       |       |    71 |     3 |       |       |       |       |       |       ||    74
       Morningstar       |       |       |    70 |       |       |       |       |       |       ||    70
       Rapier            |       |       |   259 |  1066 |   532 |    75 |       |    10 |       ||  1942
       Triple sword      |       |       |       |       |  1166 |  1796 |   312 |  1243 |  4590 ||  9107
       Unarmed           |       |       |       |       |       |       |       |       |     2 ||     2
 Fire: Hand crossbow     |    60 |   142 |    76 |       |       |       |       |       |       ||   278
Throw: Stone             |     4 |     8 |    14 |       |       |       |       |       |       ||    26
       Boomerang         |       |    11 |     3 |    42 |    24 |       |       |       |       ||    80
       Dart              |       |       |    22 |    19 |       |       |       |       |       ||    41
       Javelin           |       |       |       |       |    92 |    45 |       |       |   160 ||   297
Invok: Lesser Servant of |       |       |       |    26 |    20 |    44 |     6 |    18 |    46 ||   160
       Minor Destruction |       |       |       |     2 |       |       |       |       |       ||     2
 Abil: Heal Wounds       |     1 |     8 |    12 |     6 |    14 |    31 |     3 |    15 |    28 ||   118
       Evoke Fog         |       |       |       |       |     3 |     5 |       |     2 |     7 ||    17
Evoke: Wand              |       |       |       |     3 |       |    11 |     7 |     1 |    23 ||    45
       Lamp of fire      |       |       |       |       |       |     2 |     2 |     2 |     5 ||    11
       Phantom mirror    |       |       |       |       |       |       |     1 |       |       ||     1
       Lightning rod     |       |       |       |       |       |       |       |       |     6 ||     6
  Use: Scroll            |       |     2 |     5 |     9 |    14 |    18 |     4 |     2 |    27 ||    81
       Potion            |       |       |       |       |       |     1 |     3 |     2 |    13 ||    19
 Stab: Paralysed         |       |       |       |     3 |       |    14 |     1 |       |       ||    18
       Distracted        |       |       |       |     6 |     1 |     7 |     2 |     3 |    14 ||    33
  Eat: Chunk             |       |     5 |    12 |    20 |    27 |    24 |     1 |    20 |    25 ||   134
       Ration            |       |     1 |       |       |     3 |     4 |     1 |       |    22 ||    31
Armor: Robe              |     4 |       |       |       |       |       |       |       |       ||     4
       Leather armour    |    22 |    24 |       |       |       |       |       |       |       ||    46
       Scale mail        |       |    33 |    50 |       |       |       |       |       |       ||    83
       Plate armour      |       |       |    75 |   370 |  1727 |  1946 |   245 |   855 |  1153 ||  6371
       Gold dragon scale |       |       |       |       |       |       |       |       |  2826 ||  2826
       Skin              |       |       |       |       |       |       |       |       |     4 ||     4
Dodge: Dodged            |    31 |    49 |    81 |   222 |  1105 |  1065 |   161 |   567 |  3006 ||  6287
Block: Shield            |    31 |    64 |   142 |   490 |   173 |       |       |       |       ||   900
       Rpst.: Triple sword |       |       |       |       |   242 |   213 |    42 |   137 |   542 ||  1176

Vanquished Creatures
  3 orbs of fire
  A pandemonium lord (D:3)
  2 ancient liches (Zot:5)
  Mara (Vaults:3)
  Boris (Vaults:5)
  2 curse toes
  5 Killer Klowns (Zot:5)
  Saint Roka (Depths:2)
  Bai Suzhen (Snake:3)
  A caustic shrike (Depths:3)
  Xtahua (Vaults:4)
  Jory (Depths:5)
  9 golden dragons
  A bone dragon (Depths:5)
  the Enchantress (Depths:4)
  An electric golem (Zot:5)
  Rupert (Snake:1)
  18 tentacled monstrosities
  24 Orb Guardians
  The ghost of Aladinah the Martial Artist, an adept GnTm of Cheibriados (Depths:5)
  7 quicksilver dragons
  A titan (Vaults:5)
  5 liches
  A deep elf master archer (Depths:4)
  7 sphinxes
  6 ancient champions
  5 death cobs
  A shadow dragon (shapeshifter) (Vaults:5)
  An Executioner (Zot:5)
  6 tengu reavers
  A thorn hunter (Swamp:4)
  11 shadow dragons
  16 storm dragons
  A tentacled starspawn (Abyss:2)
  3 revenants (Crypt:2)
  6 draconian monks
  6 frost giants
  7 nagarajas (Snake:4)
  3 ghost moths
  14 fire giants
  5 draconian knights
  2 draconian scorchers
  3 deep elf sorcerers
  2 cacodemons
  2 orc warlords
  2 balrugs
  Aizul (Snake:1)
  2 deep elf elementalists
  3 curse skulls
  8 draconian shifters
  15 ironheart preservers
  22 vault wardens
  13 ghouls
  8 draconian annihilators
  16 very ugly things
  5 spriggan defenders
  A juggernaut skeleton (Crypt:3)
  2 caustic shrike skeletons (Depths:4)
  A war gargoyle (Vaults:5)
  20 stone giants
  5 entropy weavers
  27 vampire knights
  7 black draconians
  3 deep elf demonologists
  11 red draconians
  7 green draconians
  6 deep elf annihilators
  A lorocyproca (D:3)
  4 spark wasps
  9 yellow draconians
  A minotaur (shapeshifter) (Vaults:5)
  18 ettins
  10 purple draconians
  The ghost of Cuxunirch the Grim Reaper, a journeyman MiFi of Yredelemnul (Lair:4)
  18 white draconians
  5 eidola
  6 deep elf death magi
  A merfolk javelineer (Depths:3)
  A blizzard demon (D:3)
  Snorg (D:13)
  8 jiangshi
  5 deep elf high priests
  Erolcha (D:13)
  10 great orbs of eyes
  2 small abominations
  A crystal guardian (Vaults:4)
  8 fire dragons
  6 rakshasas
  42 vault guards
  30 yaktaur captains
  14 ice dragons
  14 hydras
  3 spriggan air magi
  13 naga warriors
  Harold (D:6)
  A catoblepas (shapeshifter) (Depths:1)
  2 hell beasts
  16 anacondas
  3 ghost crabs
  9 death knights
  2 shambling mangroves (Swamp:2)
  9 centaur warriors
  3 dancing weapons
  27 two-headed ogres
  10 deep troll shamans
  12 alligators
  22 death yaks
  12 ogre magi
  8 tengu warriors
  4 hell hogs (Zot:4)
  16 deep troll earth magi
  2 orc high priests
  9 shock serpents
  10 vampire magi
  9 spriggan berserkers
  A titan zombie (Crypt:1)
  A thrashing horror (Abyss:2)
  A storm dragon zombie (Crypt:3)
  16 naga sharpshooters
  5 spriggans
  6 deep elf knights
  2 fire crabs (Swamp:4)
  4 sun demons
  2 titan skeletons (Crypt:1)
  3 sixfirhies
  7 salamander mystics
  2 soul eaters
  2 torturous demonspawn (D:3)
  An anaconda zombie (Crypt:3)
  5 shadow wraiths
  A sea snake (shapeshifter) (Vaults:5)
  48 skeletal warriors
  A death drake (shapeshifter) (Vaults:5)
  A gelid demonspawn (D:3)
  5 iron trolls
  7 hell knights
  5 wizards
  8 flayed ghosts
  10 swamp dragons
  2 unseen horrors
  7 glowing orange brains
  A glowing orange brain (shapeshifter) (Vaults:5)
  33 deep trolls
  A spriggan druid (Swamp:4)
  2 starcursed masses (Abyss:2)
  5 orange crystal statues
  11 naga ritualists
  8 deep elf archers
  4 lindwurms (Snake:4)
  8 harpies
  21 orc knights
  9 ironbrand convokers
  A shadow dragon zombie (Crypt:3)
  22 mana vipers
  18 phantasmal warriors
  11 necromancers
  An orb spider (shapeshifter) (Depths:3)
  2 frost giant zombies
  14 deep elf magi
  39 ugly things
  12 wolf spiders
  8 orc sorcerers
  3 oklob plants
  14 salamanders
  2 stone giant zombies (Crypt:3)
  26 moths of wrath
  7 cyclopes
  21 elephants
  2 shadow dragon skeletons
  8 manticores
  2 frost giant skeletons
  An elephant (shapeshifter) (Depths:4)
  A torpor snail (Lair:4)
  A guardian serpent (shapeshifter) (Depths:1)
  3 centaur zombies
  13 guardian serpents
  A dire elephant zombie (Crypt:3)
  An eye of devastation (shapeshifter) (Depths:5)
  52 black mambas
  17 vault sentinels
  25 naga magi
  A spiny frog (shapeshifter) (Vaults:3)
  A gargoyle (D:13)
  13 spiny frogs
  4 orange demons
  An emperor scorpion zombie (Crypt:3)
  A dire elephant skeleton (Crypt:3)
  9 human zombies
  A tormentor (Depths:3)
  A kobold demonologist (D:12)
  2 ice devils
  55 yaktaurs
  Maggie (D:7)
  An anaconda simulacrum (Crypt:3)
  A rime drake (shapeshifter) (Vaults:4)
  14 komodo dragons
  A rime drake (Lair:1)
  A yaktaur skeleton (Vaults:5)
  2 yaktaurs (shapeshifter)
  A hellwing (Depths:3)
  2 red devils
  5 guardian mummies (Crypt:3)
  A yellow draconian skeleton (Crypt:3)
  7 tengu conjurers
  8 tyrant leeches
  A hydra zombie (Crypt:1)
  A jumping spider (shapeshifter) (Depths:4)
  18 freezing wraiths
  4 ancient zymes (Abyss:2)
  16 polar bears
  A polar bear (shapeshifter) (Vaults:2)
  A sphinx simulacrum (Vaults:4)
  2 raiju (Lair:6)
  12 trolls
  A jumping spider zombie (Crypt:1)
  2 hornets (shapeshifter)
  11 hornets
  A wind drake (shapeshifter) (Depths:4)
  Prince Ribbit (Lair:1)
  2 ettin zombies
  3 fire dragon zombies
  12 bog bodies
  16 blink frogs
  A hippogriff (shapeshifter) (Vaults:3)
  A dream sheep (Lair:6)
  A hydra skeleton (Crypt:2)
  A death drake skeleton (Crypt:2)
  A frost giant simulacrum (Vaults:3)
  2 ettin skeletons
  42 slime creatures
  A stone giant simulacrum (Vaults:5)
  15 hippogriffs
  7 redbacks
  3 flying skulls (Crypt:1)
  2 centaur simulacra
  An elf skeleton (Depths:3)
  Eustachio (D:6)
  5 shadows
  11 wyverns
  4 water elementals
  70 yaks
  An elf zombie (Depths:3)
  A fire dragon skeleton (Crypt:1)
  2 hogs (D:7)
  A ynoxinul (Depths:1)
  A human (shapeshifter) (Vaults:4)
  A fire bat (shapeshifter) (Depths:4)
  2 fire bats (Swamp:4)
  2 steam dragons (Swamp:4)
  A basilisk (shapeshifter) (Depths:3)
  A human (D:7)
  4 large abominations
  10 wraiths
  2 basilisks
  A hungry ghost (D:7)
  3 neqoxecs
  A chaos spawn (Zot:2)
  11 vampire mosquitoes
  A warg (shapeshifter) (Vaults:2)
  5 insubstantial wisps (Swamp:3)
  15 wargs
  47 nagas
  A monstrous demonspawn skeleton (Crypt:1)
  4 acid dragons
  A water moccasin (shapeshifter) (Depths:4)
  12 hell hounds (Lair:6)
  23 swamp worms
  A water nymph skeleton (Crypt:1)
  35 water moccasins
  6 ice beasts
  6 porcupines
  15 swamp drakes
  67 orc warriors
  A swamp dragon zombie (Crypt:1)
  11 black bears
  A phantom (D:7)
  2 sky beasts (D:10)
  An eye of draining (Depths:2)
  7 necrophages
  32 ogres
  11 boggarts
  A snapping turtle zombie (Crypt:3)
  41 wolves
  An ogre (shapeshifter) (Vaults:4)
  17 centaurs
  11 crocodiles
  A centaur (shapeshifter) (Depths:2)
  2 big kobolds
  Blork the orc (D:4)
  13 bullfrogs
  A water moccasin zombie (D:5)
  2 scorpions
  2 wyvern skeletons
  2 troll zombies (Crypt:2)
  A human simulacrum (Vaults:3)
  8 killer bees
  A warg skeleton (Crypt:2)
  15 wights
  A howler monkey (D:7)
  4 electric eels
  4 crimson imps
  A bullfrog zombie (D:9)
  A black bear zombie (Crypt:1)
  3 hounds
  4 quasits
  7 jellies
  Crazy Yiuf (D:3)
  24 orc priests
  2 centaur skeletons
  2 iron imps (Abyss:2)
  36 orc wizards
  Terence (D:2)
  4 iguanas
  Natasha (thrice) (D:3)
  10 worker ants
  A killer bee zombie (Crypt:3)
  An ogre zombie (Crypt:2)
  An ogre skeleton (Crypt:2)
  A dwarf skeleton (Crypt:1)
  A hound skeleton (D:10)
  2 howler monkey zombies
  8 mummies
  4 worker ant zombies
  2 gnolls
  15 adders
  A swamp drake skeleton (Crypt:3)
  6 shadow imps
  3 white imps
  3 ufetubi
  4 oozes (Lair:6)
  An iguana zombie (Crypt:2)
  2 adder skeletons
  An adder zombie (D:5)
  A worm (D:4)
  2 dart slugs
  6 leopard geckos
  100 orcs
  7 bats
  5 giant cockroaches
  10 goblins
  9 hobgoblins
  8 jackals
  36 kobolds
  2 quokkas
  A ball python (Lair:3)
  4 frilled lizards
  A frilled lizard zombie (Crypt:1)
  A hobgoblin zombie (Crypt:3)
  2 jackal skeletons (D:4)
  A kobold skeleton (Crypt:2)
  A kobold zombie (Crypt:3)
  A leopard gecko zombie (Crypt:2)
  A quokka skeleton (D:5)
  10 rats
  A briar patch (Swamp:4)
  5 crawling corpses
  A fungus (Lair:6)
2646 creatures vanquished.

Vanquished Creatures (collateral kills)
  A Killer Klown (Zot:5)
  Nikola (Vaults:1)
  Jorgrun (Swamp:2)
  2 storm dragons (Zot:2)
  A frost giant (Depths:4)
  A dire elephant (D:15)
  A deep elf death mage (Depths:3)
  A fire dragon (Swamp:4)
  A yaktaur captain (Vaults:4)
  2 vault guards
  4 hydras
  A spriggan air mage (Depths:4)
  A centaur warrior (Depths:3)
  An ogre mage (Vaults:3)
  2 two-headed ogres
  Urug (D:10)
  An orc high priest (Vaults:4)
  A naga sharpshooter (Snake:4)
  A phantasmal warrior (Depths:3)
  6 ugly things
  3 deep elf magi
  An orc knight (Orc:2)
  An orc sorcerer (Orc:1)
  A mana viper (Snake:3)
  2 manticores
  A moth of wrath (Zot:2)
  4 black mambas
  2 naga magi (Snake:4)
  A gargoyle (D:13)
  2 centaur skeletons
  A redback zombie (D:12)
  A freezing wraith (Vaults:4)
  A hornet (Swamp:2)
  A tyrant leech (Swamp:3)
  A slime creature (D:12)
  4 blink frogs (Lair:1)
  A bog body (Swamp:2)
  A hippogriff (shapeshifter) (D:14)
  A frost giant simulacrum (Depths:3)
  2 wyverns
  A hungry ghost (D:12)
  A fire bat (Swamp:4)
  2 yaks (D:10)
  Grum (Lair:1)
  2 vampire mosquitoes (Swamp:4)
  3 nagas (Snake:4)
  A swamp worm (Swamp:3)
  2 hell hounds
  A porcupine (Lair:1)
  A black bear (Lair:6)
  4 ice beasts
  3 orc warriors
  2 necrophages (Swamp:4)
  2 ogres
  2 phantoms
  2 wolves (Lair:1)
  4 centaurs
  A scorpion (D:11)
  2 killer bees (D:12)
  A wight (D:11)
  A howler monkey (D:11)
  A crimson imp (D:12)
  A quasit (D:12)
  A bullfrog zombie (D:12)
  5 orc priests
  A bullfrog skeleton (D:12)
  A jelly (D:12)
  7 orc wizards
  A worker ant simulacrum (D:11)
  11 orcs
  2 goblins (Bailey)
  3 jackals (D:11)
  3 kobolds (Bailey)
  A fungus (Lair:1)
140 creatures vanquished.

Vanquished Creatures (others)
  A death cob (Zot:5)
  A draconian monk (Depths:5)
  A draconian knight (Zot:1)
  A vampire knight (Depths:3)
  An ogre mage (Depths:2)
  2 swamp dragons (Swamp:4)
  A lindwurm (Swamp:4)
  A black mamba (Lair:6)
  A yaktaur (Depths:5)
  2 slime creatures (Swamp:2)
  A spriggan (Depths:5)
  A human (shapeshifter) (Depths:4)
  2 steam dragons (Swamp:4)
  A boggart (Depths:1)
  An orc wizard (Orc:2)
  A worker ant zombie (D:4)
  A white imp (Depths:3)
  3 orcs
  A giant cockroach (D:4)
  A frilled lizard (D:4)
  16 fungi
  38 plants
  2 starspawn tentacles (Abyss:2)
  5 withered plants
86 creatures vanquished.

Grand Total: 2872 creatures vanquished There were no monsters in sight!

Levels and vault maps discovered:
D:1:      evilmike_arrival_fibonacci_small, layout_loops_ring
D:2:      layout_basic, grunt_temple_overflow_order_and_chaos_2,
          lemuel_round_altar, first_ration, lemuel_altar_in_water, uniq_terence
D:3:      layout_rooms, led_sif_book, uniq_crazy_yiuf_cottage
D:4:      layout_loops_ring, fiery_altar_vehumet, minmay_temple_entry_overgrown,
          serial_shops, shop, uniq_blork_the_orc, uniq_natasha
D:5:      layout_basic, kennysheep_little_box, kennysheep_mini,
          okawaru_gym_becter, kennysheep_mini_moat, basic_altar
D:6:      layout_loops_cross, nemelex_xobeh_ov_fountains_minmay, serial_shops,
          nicolae_shop_stone, uniq_eustachio
D:7:      minmay_chambers_of_sevens, layout_loops_corners,
          lemuel_coloured_pillars_altar, marbit_many_paths, serial_shops, shop,
          grunt_livestock, chequers_serial_rivers_room_b, uniq_harold,
          uniq_maggie
D:8:      layout_gridville, david_lair_shrubbed, chequers_serial_rivers_micro_d,
          minmay_shop_damaged, guppyfry_early_elven_hall
D:9:      layout_basic, nicolae_overflow_crystal_walls
D:10:     layout_irregular_city, serial_shops, shop, enter_bailey_2,
          nicolae_water_bricks, nicolae_elemental_shop, uniq_urug
D:11:     layout_layer_cave, serial_ice, serial_ice_l, serial_ice_b,
          serial_ice_f, serial_ice_a, serial_ice_n, serial_ice_g
D:12:     layout_rooms, serial_shops, nicolae_shop_statue_plus,
          skrybe_limestone_x
D:13:     layout_stronghold, erik_vaults_2, serial_shops, shop,
          kennysheep_generic_room_8, uniq_erolcha, uniq_snorg
D:14:     layout_irregular_city, kennysheep_decorative_pillar
D:15:     hangedman_depths_entry_try_elsewhere_first, layout_grid_maze,
          chequers_serial_rivers_room_b, minmay_misc_feat_tiny
Lair:1:   layout_regular_city, serial_bayou_lagoon_b, uniq_prince_ribbit2,
          uniq_grum
Lair:2:   layout_cave_pods, portal_ice_cave_entry_pillars_2, grunt_megastairs_1
Lair:3:   layout_misc_corridors, minmay_snake_entry_six_corridors,
          gauntlet_entry_generic, cheibrodos_lair_lostbears
Lair:4:   layout_cave_pods, swamp_mist, gammafunk_ghost_arena,
          beast_lair_carwin_9, infiniplex_staircase_pool
Lair:5:   beast_lair_carwin_large_2, layout_cave_pods,
          minmay_lair_oklob_chamber, grunt_megastairs_2
Lair:6:   hangedman_lair_tendril_chambers, layout_gridlike,
          hangedman_lair_caniforms_friends, nicolae_slime_entry_slimehenge,
          nicolae_quartered_pool_super
Swamp:1:  layout_basic_swamp, evilmike_swamp_ruin_house_1, swamp_pool2,
          wheals_swamp_sinkhole
Swamp:2:  layout_falls_marsh, evilmike_swamp_ruin_house_5, swamp_pool4,
          uniq_jorgrun
Swamp:3:  layout_falls_marsh, evilmike_swamp_ruin_rubble_2, swamp_pool3,
          uniq_roxanne
Swamp:4:  swamp_fiery, layout_basic_swamp, roderic_carrion_pond
Snake:1:  layout_onion_interference, st_stairs_7, minmay_shoptagon, uniq_aizul,
          uniq_rupert
Snake:2:  layout_rooms, serial_bayou_shore_b
Snake:3:  layout_cave_pods, uniq_bai_suzhen
Snake:4:  snake_pit_salamanders_mu, layout_onion_interference, serial_shops,
          shop
Orc:1:    layout_caves, serial_shops, nicolae_shop_statue_plus
Orc:2:    st_orc_mages, layout_caves, basic_altar, serial_shops, shop,
          chequers_guarded_unrand_ignorance
Vaults:1: v_pattern_4, v_misc_14, nicolae_vaults_asterisk, v_misc_29,
          vaults_mumra_hex, v_misc_17, v_alt_pattern_2, hangedman_vaults_hat,
          nicolae_vaults_meeting, v_misc_4, nicolae_vaults_theta,
          ontoclasm_vaults_loading_screen, vaults_dpeg_ring,
          layout_vaults_omnicross, uniq_nikola
Vaults:2: ontoclasm_vaults_bender, grunt_vaults_focal,
          vaults_mumra_minichess_inversion, ontoclasm_vaults_ring_square,
          nicolae_vaults_three_branches, nicolae_vaults_little_ls,
          vaults_mumra_chevron_long, ontoclasm_vaults_hangar,
          dpeg_vaults_monster_row, vaults_room_pools, vaults_mumra_hexcomb,
          nicolae_vaults_diagonal_hallway_6, nicolae_vaults_little_squares_3,
          layout_vaults_ring, serial_shops, shop
Vaults:3: minmay_crypt_entry_necro_gods, nicolae_vaults_branching_niches,
          v_misc_18, nicolae_vaults_mini_display_case, v_rooms_4, v_misc_31,
          hangedman_vaults_impose, vaults_room_fours,
          vaults_room_grunt_arrival_ludios, ontoclasm_vaults_ligature,
          hangedman_vaults_impose, layout_vaults_quadrants, serial_shops,
          nicolae_shop_temple_entry_statues_fountains
Vaults:4: gammafunk_vaults_ghost_grave, ontoclasm_vaults_gateway, v_misc_10,
          v_misc_15, nicolae_vaults_big_ls, hangedman_vaults_stream,
          special_room_vaults [special_room_orc], ontoclasm_vaults_idyll,
          hangedman_vaults_corner_blocks, v_misc_18, vaults_dpeg_cross,
          v_alt_pattern_6, ontoclasm_vaults_shuriken, vaults_room_hallway,
          layout_vaults_big_room, serial_shops, shop, uniq_mara, uniq_xtahua
Vaults:5: uniq_boris
Crypt:1:  layout_chaotic_city, grunt_crypt_arrival_webbed
Crypt:2:  layout_misc_corridors, minmay_misc_feat_five,
          lemuel_mausoleum_altar_kikubaaqudgha
Crypt:3:  church_of_pain_bobbens, layout_chaotic_city,
          nicolae_tomb_entry_grand_gallery
Depths:1: layout_roguey, enter_ziggurat_e, hangedman_coc_ice_floe, pan_entry,
          grunt_decor_fettered, abyss_entry, roderic_lattice_a,
          lemuel_flame_loot_1, serial_bayou_shore_b, serial_bayou_shore_b,
          firewood_loft, serial_bayou_shore_b, minmay_shop_star
Depths:2: hangedman_cross_stitches, layout_basic, abyss_entry,
          pf_hell_entry_great_geh, chequers_serial_rivers_large_a, special_room
          [special_room_mythical_zoo], uniq_saint_roka
Depths:3: minmay_expanding_circles, layout_cave_pools,
          kennysheep_cross_bottleneck, hell_entry, abyss_entry_crystal,
          grunt_pan_entry_in_and_out, eino_tiny_chamber,
          minmay_staircase_windowed_large, serial_bayou_shore_b,
          serial_bayou_shore_b, uniq_margery
Depths:4: hangedman_pleasuredromes, abyss_entry, hell_entry
Depths:5: evilmike_zot_entry_diamond, layout_cave_pools, old_standard_altar,
          hell_entry, ebering_ghost_reflecting_pool, drop_trap, hex_tiny,
          chequers_serial_rivers_micro_d, minmay_guarded_unrand_wrath_of_trog,
          uniq_jory, uniq_enchantress
Zot:1:    layout_concentric_octagons, zot_minivault_4
Zot:2:    layout_cathedral_of_symmetry, lemuel_elevator
Zot:3:    layout_onion_interference, evilmike_ambush
          [evilmike_ambush_outer_basic, evilmike_ambush_inner_pond]
Zot:4:    layout_misc_corridors, gammafunk_ghost_split
Zot:5:    layout_basic, st_stairs_5, door_vault
